 Dungeon Crawl Stone Soup version 0.28-a0-751-gef3a642a4e (webtiles) character file.

Game seed: 18313877715894809949

374 shoop the Covered (level 7, -1/55 HPs)
             Began as a Formicid Fighter on Oct 30, 2021.
             Was a Plaything of Xom.
             Slain by a gnoll shaman (9 damage)
             ... on level 7 of the Dungeon.
             The game lasted 00:03:47 (2270 turns).

shoop the Covered (Formicid Fighter)                Turns: 2270, Time: 00:03:47

Health: -1/55      AC:  7    Str: 22    XL:     7   Next: 3%
Magic:  7/7        EV: 10    Int:  8    God:    Xom [..*...]
Gold:   111        SH:  4    Dex: 10    Spells: 6/6 levels left

rFire   . . .      SeeInvis +   k - +1 trident (venom)
rCold   . . .      Faith    .   c - +0 buckler
rNeg    . . .      Spirit   .   b - +0 scale mail
rPois   .          Reflect  .   (helmet unavailable)
rElec   .          Harm     .   (no cloak)
rCorr   .          Rampage  .   (no gloves)
Will    .....                   (no boots)
Stlth   ..........              f - amulet of regeneration
HPRegen 1.18/turn               (no ring)
MPRegen 0.10/turn               (no ring)

@: lethally poisoned (-1 -> -5)
A: permanent stasis, dig shafts and tunnels, antennae 3, four strong arms
a: Dig, Shaft Self, Renounce Religion


You were on level 7 of the Dungeon.
You worshipped Xom.
You were a toy of Xom.
You visited 1 branch of the dungeon, and saw 4 of its levels.

You collected 111 gold pieces.

Inventory:

Hand Weapons
 a - a +0 flail
 k - a +1 trident of venom (weapon)
Armour
 b - a +0 scale mail (worn)
 c - a +0 buckler (worn)
Jewellery
 f - an amulet of regeneration (around neck)
Wands
 m - a wand of flame (20)
Scrolls
 e - a scroll of teleportation {unknown}
 g - a scroll of enchant weapon {unknown}
 i - 2 scrolls of identify {unknown}
 j - a scroll of brand weapon {unknown}
 n - 2 scrolls of noise {unknown}
Potions
 d - a potion of might
 h - a potion of haste {unknown}
 l - a potion of mutation {unknown}


   Skills:
 + Level 4.5 Fighting
 + Level 3.6 Maces & Flails
 + Level 2.3 Polearms
 + Level 4.8 Armour
 + Level 1.1 Dodging
 + Level 0.6 Stealth
 + Level 4.5 Shields


You had 6 spell levels left.
You didn't know any spells.
Your spell library was empty.

Dungeon Overview and Level Annotations

Branches:
Dungeon (4/15)             Temple (0/1) D:4

Altars:
Qazlal
Vehumet
Xom

Shops:
D:4 (?:


Innate Abilities, Weirdness & Mutations

You cannot be hasted, slowed, berserked, paralysed or teleported.
You can dig through walls and to a lower floor.
You have a pair of large antennae on your head. (SInv)
Your four strong arms can wield two-handed weapons with a shield.


Message History

You feel sick.
You are too injured to fight recklessly!
You are too injured to fight recklessly!
You are too injured to fight recklessly!
You are too injured to fight recklessly!
Reach: k) +1 trident (venom)
Press: ? - help, Dir - move target, f - gnoll
Aim: a gnoll, wielding a +2 spear of venom (about 37% to evade your +1 trident of venom)
You reach to attack!
You hit the gnoll.
The gnoll is lightly wounded.
You feel sick.
Xom smirks.
You detect creatures!
The gnoll hits you from afar with a +2 spear of venom.
You are more poisoned.
Reach: k) +1 trident (venom)
Press: ? - help, Dir - move target, f/p - gnoll
Aim: a gnoll, wielding a +2 spear of venom (lightly wounded, about 37% to evade your +1 trident of venom)
You reach to attack!
You barely miss the gnoll.
The gnoll is lightly wounded.
You feel very sick.
The gnoll hits you from afar with a +2 spear of venom!
* * * LOW HITPOINT WARNING * * *
You are more poisoned.
Reach: k) +1 trident (venom)
Press: ? - help, Dir - move target, f/p - gnoll
Aim: a gnoll, wielding a +2 spear of venom (lightly wounded, about 37% to evade your +1 trident of venom)
You reach to attack!
You puncture the gnoll!
You kill the gnoll!
* * * LOW HITPOINT WARNING * * *
You feel very sick.
Reach: k) +1 trident (venom)
Press: ? - help, Dir - move target, f - gnoll shaman
Aim: a gnoll shaman, wielding a +0 club and wearing a +0 robe (about 37% to evade your +1 trident of venom)
You closely miss the gnoll shaman.
You feel very sick. "Heh heh heh..."
The gnoll shaman looks rather confused.
The gnoll looks rather confused.
The gnoll shaman hits you with a +0 club!
You die...

#.# #+## 5 #.# ##...## #
#.#### ##.....#.. #.##.##
##........#
######.#...####....)....#
..........)....g.{........
#######.......g#.........g
#..#.###g##.......##
#..### #@###...g.## #...
#.# ##...## ##.# ... #+##
#.# .#.## #.. ....# .# ###
#. #


You could see a gnoll shaman (confused) and 2 gnolls.

Vanquished Creatures
  A phantom (D:4)
  A wyvern zombie (D:7)
  A scorpion (D:4)
  A water moccasin skeleton (D:4)
  A bullfrog skeleton (D:4)
  Ijyb (D:4)
  2 gnolls (D:7)
  A dart slug (D:1)
  2 orcs
  4 endoplasms
  A giant cockroach (D:1)
  6 goblins
  2 hobgoblins
  3 quokkas
  5 ball pythons
  8 bats
  3 frilled lizards
  5 kobolds (D:2)
  2 rats
  A spectral goblin (D:2)
51 creatures vanquished.

Vanquished Creatures (others)
  5 plants (D:7)
5 creatures vanquished.

Grand Total: 56 creatures vanquished

Notes
Turn   | Place    | Note
-------+----------+-------------------------------------------
     0 | D:1      | shoop the Formicid Fighter began the quest for the Orb.
     0 | D:1      | Reached XP level 1. HP: 18/18 MP: 1/1
   225 | D:1      | Reached XP level 2. HP: 22/24 MP: 2/2
   857 | D:1      | You fall into a shaft and drop 1 floor!
   883 | D:2      | Reached XP level 3. HP: 30/30 MP: 3/3
   979 | D:2      | Found a faded altar of an unknown god.
   995 | D:2      | Prayed at the altar of an unknown god.
   995 | D:2      | Became a worshipper of Vehumet
   995 | D:2      | Reached * piety under Vehumet
   995 | D:2      | Offered knowledge of Shock by Vehumet.
  1453 | D:2      | You fall into a shaft and drop 2 floors!
  1453 | D:4      | Found Weem's Book Boutique.
  1510 | D:4      | Reached XP level 4. HP: 37/37 MP: 4/4
  1541 | D:4      | Found a shimmering altar of Xom.
  1565 | D:4      | Fell from the grace of Vehumet
  1565 | D:4      | Became a worshipper of Xom of Chaos
  1645 | D:4      | Found a staircase to the Ecumenical Temple.
  1645 | D:4      | Noticed a scorpion
  1649 | D:4      | Killed a scorpion
  1650 | D:4      | Reached XP level 5. HP: 35/42 MP: 5/5
  1676 | D:4      | Noticed a phantom
  1683 | D:4      | XOM: cast spell 'Summon Small Mammal'
  1687 | D:4      | XOM: potion effect (heal wounds)
  1694 | D:4      | XOM: noise
  1715 | D:4      | Killed a phantom
  1716 | D:4      | Reached skill level 1 in Polearms
  1716 | D:4      | Reached XP level 6. HP: 26/48 MP: 6/6
  1738 | D:4      | Noticed Ijyb
  1744 | D:4      | Killed Ijyb
  1762 | D:4      | Found Darowor's Weapon Shop.
  1994 | D:4      | Found a stormy altar of Qazlal.
  2065 | D:4      | Found Woekaegu's Magic Scroll Shoppe.
  2090 | D:4      | Reached skill level 1 in Dodging
  2161 | D:4      | You fall into a shaft and drop 3 floors!
  2191 | D:7      | XOM: cloud trail
  2261 | D:7      | Reached XP level 7. HP: 31/55 MP: 7/7
  2267 | D:7      | XOM: divination: detect creatures
  2270 | D:7      | XOM: confuse monster(s)
  2270 | D:7      | Slain by a gnoll shaman

Illustrated notes

Levels and vault maps discovered:
D:1:      saegor_arrival_simple_a, layout_basic
D:2:      layout_loops_ring, dreamdust_ecumenical_altar_drowned_temple
D:4:      layout_loops_ring, marbit_many_paths, mainiacjoe_overflow_brackets,
          temple_pool_b, serial_shops, shop, shop_scrolls,
          nicolae_shop_statue_plus, kennysheep_another_room, feat_on_display,
          uniq_ijyb
D:7:      layout_loops_corners, cheibriados_altar_1,
          gammafunk_temple_overflow_forgotten

Skill      XL: |  1  2  3  4  5  6 |
---------------+-------------------+-----
Shields        | 4 |  4.5
Fighting       | 4 |  4.5
Maces & Flails | 3 |  3.6
Armour         | 4 |  4.8
Polearms       | 1 2 |  2.3
Dodging        | 1 |  1.1
Stealth        | |  0.6

Action                   |  1- 3 |  4- 6 |  7- 9 || total
-------------------------+-------+-------+-------++-------
Melee: Flail             |   111 |       |       ||   111
       Trident           |       |    86 |     4 ||    90
 Abil: Shaft Self        |     2 |       |       ||     2
Armor: Scale mail        |    64 |    20 |       ||    84
Dodge: Dodged            |    64 |    37 |       ||   101
Block: Buckler           |    33 |    14 |       ||    47

Table legend: (Time is in decaauts)
 A = Elapsed time spent in this place.
 B = Non-inter-level travel time spent in this place.
 C = Inter-level travel time spent in this place.
 D = Time resting spent in this place.
 E = Time spent auto-exploring this place.
 F = Levels seen in this place.
 G = Mean time per level.
                   A        B        C        D        E       F      G
               +--------+--------+--------+--------+--------+-----+--------+
         Total |   2329 |   2329 |      0 |      0 |   1820 |   4 |  582.2 |
       Dungeon |   2329 |   2329 |      0 |      0 |   1820 |   4 |  582.2 |
               +--------+--------+--------+--------+--------+-----+--------+

Top non-repeatable levels by time:
     D:1: 874 daAuts
     D:4: 728 daAuts
     D:2: 613 daAuts
     D:7: 112 daAuts
